 Dungeon Crawl Stone Soup version 0.25.0-9-g26727b657a (webtiles) character file.

Game seed: 3843605525527618884

20 mopl the Digger (level 2, -2/17 HPs)
             Began as an Octopode Earth Elementalist on June 16, 2020.
             Slain by an ooze (4 damage)
             ... on level 1 of the Dungeon.
             The game lasted 00:00:44 (272 turns).

mopl the Digger (Octopode Earth Elementalist)        Turns: 272, Time: 00:00:45

Health: -2/17      AC:  1    Str:  7    XL:     2   Next: 79%
Magic:  5/5        EV: 13    Int: 17    God:
Gold:   43         SH:  0    Dex: 12    Spells: 2/5 levels left

rFire    . . .     SeeInvis .   a - +0 dagger (curse)
rCold    . . .     Gourm    .   (no shield)
rNeg     . . .     Faith    .   (helmet restricted)
rPois    .         Spirit   .   (no amulet)
rElec    .         Reflect  .   e - ring of resist corrosion
rCorr    +         Harm     .   (no ring)
MR       .....                  (no ring)
Stlth    +++.......             (no ring)
HPRegen  0.05/turn              (no ring)
MPRegen  0.09/turn              (no ring)
                                (no ring)
                                (no ring)

@: no status effects
A: almost no armour, stealthy swim, amphibious, 8 rings, constrict 8, camouflage
1, gelatinous body 1
a: no special abilities


You were on level 1 of the Dungeon.
You were not hungry.

You visited 1 branch of the dungeon, and saw 1 of its levels.

You collected 43 gold pieces.

Inventory:

Hand Weapons
 a - a cursed +0 dagger (weapon)
Missiles
 b - 28 stones (quivered)
Jewellery
 e - a ring of resist corrosion (left tentacle)
Potions
 f - a potion of brilliance {unknown}
Comestibles
 c - a ration
 d - 13 chunks of flesh


   Skills:
 - Level 2.0 Dodging
 + Level 3.1 Stealth
 * Level 2.4 Spellcasting
 + Level 1.0 Transmutations
 * Level 3.4 Earth Magic


You had 2 spell levels left.
You knew the following spells:

 Your Spells              Type           Power        Failure   Level  Hunger
a - Sandblast             Erth           ##....       4%          1    #......
p - Passwall              Tmut/Erth      #.......     12%         2    ##.....

Your spell library contained the following spells:

 Spells                   Type           Power        Failure   Level  Hunger
 Stone Arrow              Conj/Erth      #.....       28%         3    ###....
 Petrify                  Tmut/Erth      #.......     58%         4    #####..
 Lee's Rapid Deconstruct  Erth           ##........   77%         5    ######.


Dungeon Overview and Level Annotations

Branches:
Dungeon (1/15)

Altars:


Innate Abilities, Weirdness & Mutations

You cannot wear most types of armour.
You are very stealthy in the water. (Stealth+)
You are amphibious.
You can wear up to eight rings at the same time.
You can use your tentacles to constrict eight enemies at once.
Your skin changes colour to match your surroundings (Stealth+).
Your rubbery body absorbs attacks. (AC +1, EV +1)


Message History

You closely miss the bat. Your grab misses the bat. The bat hits you.
* * * LOW HITPOINT WARNING * * *
The bat barely misses you. The bat misses you.
You closely miss the bat. Your grab misses the bat.
The bat hits you but does no damage. The bat misses you.
You hit the bat. Your grab misses the bat.
The bat is severely wounded.
The bat closely misses you.
You barely miss the bat. Your grab misses the bat.
The bat is severely wounded.
The bat barely misses you. x2
You barely miss the bat. Your grab misses the bat.
The bat is severely wounded.
The bat hits you.
* * * LOW HITPOINT WARNING * * *
You completely miss the ooze. The ooze closely misses you.
You hit the ooze.
The ooze is lightly wounded.
The ooze hits you.
You die...

.....†..............
#####.............#
#.............#
#÷............#
#.............#
#.............#
#.........##.##
#.........##.#
............##@#
.......########J#
........#
#.....b...J..#
........#
#............#
........#
#.............
#...........##
#...........#
#...........#
#...........#


You could see an ooze and a bat.

Vanquished Creatures
  An ooze (D:1)
  A dart slug (D:1)
  A giant cockroach (D:1)
  3 hobgoblins (D:1)
  2 bats (D:1)
  2 frilled lizards (D:1)
  2 kobolds (D:1)
  3 rats (D:1)
15 creatures vanquished.

Notes
Turn   | Place    | Note
-------+----------+-------------------------------------------
     0 | D:1      | mopl the Octopode Earth Elementalist began the quest for
                  | the Orb.
     0 | D:1      | Reached XP level 1. HP: 11/11 MP: 3/3
    94 | D:1      | Reached XP level 2. HP: 13/17 MP: 5/5
   248 | D:1      | Learned a level 2 spell: Passwall
   272 | D:1      | Slain by an ooze

Illustrated notes

Levels and vault maps discovered:
D:1:      minmay_arrival_arboretum_small, layout_basic

Skill      XL: |  1  2 |
---------------+-------+-----
Stealth        | 3 |  3.1
Dodging        | |  2.0
Spellcasting   | |  2.4
Transmutations | |  1.0
Earth Magic    | |  3.4

Action                   || total
-------------------------++-------
Melee: Dagger            ||    47
       Constrict         ||    11
       Tentacles         ||     6
 Cast: Sandblast         ||     3
 Stab: Sleeping          ||     2
Armor: Skin              ||    10
Dodge: Dodged            ||    34
